 Dungeon Crawl Stone Soup version 0.26-a0-660-gc07710193c (webtiles) character file.

Game seed: 10951576470385382279

2478 lunkers the Covert (level 9, -1/60 HPs)
             Began as a Kobold Delver on Oct 5, 2020.
             Was an Elder of Trog.
             Slain by a killer bee (2 damage)
             ... on level 7 of the Dungeon.
             The game lasted 00:09:17 (8218 turns).

lunkers the Covert (Kobold Delver)                  Turns: 8218, Time: 00:09:17

Health: -1/60      AC:  5    Str:  9    XL:     9   Next: 80%
Magic:  9/9        EV: 20    Int: 11    God:    Trog [****..]
Gold:   402        SH:  0    Dex: 20    Spells: 8/8 levels left

rFire    . . .     SeeInvis .   b - +4 dagger
rCold    . . .     Faith    .   (shield restricted)
rNeg     . . .     Spirit   .   v - +0 leather armour
rPois    .         Reflect  .   i - +0 helmet
rElec    .         Harm     .   x - +0 cloak
rCorr    .         Rampage  .   (no gloves)
MR       .....                  (no boots)
Stlth    +++++.....             (no amulet)
HPRegen  0.20/turn              l - ring of flight
MPRegen  0.11/turn              (no ring)

@: lethally poisoned (-1 -> -16)
A: small, nightstalker 3
a: Berserk, Trog's Hand, Brothers in Arms, Renounce Religion, Evoke Flight


You were on level 7 of the Dungeon.
You worshipped Trog.
Trog was greatly pleased with you.
You visited 1 branch of the dungeon, and saw 7 of its levels.

You collected 402 gold pieces.

Inventory:

Hand Weapons
 a - a +0 short sword of draining
 b - a +4 dagger (weapon)
 t - a +2 short sword
 y - a +0 short sword
Missiles
 w - 8 atropa-tipped darts {=f}
Armour
 i - a +0 helmet (worn)
 v - a +0 leather armour (worn)
 x - a +0 cloak (worn)
Jewellery
 l - a ring of flight (left hand)
 m - an uncursed amulet of magic regeneration
Wands
 g - a wand of digging (3)
 s - a wand of polymorph (9)
Scrolls
 c - a scroll of fog
 d - 2 scrolls of magic mapping
 e - 3 scrolls of fear
 h - 9 scrolls of remove curse
 p - a scroll of random uselessness {unknown}
 r - a scroll of immolation {unknown}
Potions
 f - 2 potions of haste
 j - 2 potions of lignification
 k - a potion of cancellation {unknown}
 n - a potion of heal wounds {unknown}
 o - 3 potions of flight
 q - 2 potions of might {unknown}
 u - a potion of mutation
 z - a potion of stabbing {unknown}
 A - 3 potions of curing {unknown}
 B - a potion of berserk rage {unknown}
 C - a potion of magic {unknown}


   Skills:
 + Level 9.2 Fighting
 - Level 8.0 Short Blades
 + Level 7.5 Dodging
 - Level 10.0 Stealth


You had 8 spell levels left.
You didn't know any spells.
Your spell library was empty.

Dungeon Overview and Level Annotations

Branches:
Dungeon (7/15)
 Temple: D:4-7

Altars:
Ashenzari
Gozag
Nemelex Xobeh
Trog
Uskayaw
Vehumet
Xom

Shops:
D:5 ([   D:7 ?

Annotations:
D:6 3 runed translucent doors


Innate Abilities, Weirdness & Mutations

You are small and have problems with some larger weapons.
You are completely attuned to the shadows.


Message History

* * * LOW HITPOINT WARNING * * *
Something shocks you.
* * * LOW HITPOINT WARNING * * *
You are too injured to fight recklessly!
The killer bee misses you. The killer bee stings you.
* * * LOW HITPOINT WARNING * * *
You are more poisoned.
The killer bee poisons you! The killer bee closely misses you.
The killer bee stings you.
* * * LOW HITPOINT WARNING * * *
The killer bee barely misses you.
You feel sick. The killer bee stings you!
* * * LOW HITPOINT WARNING * * *
You are more poisoned.
The killer bee poisons you! The killer bee stings you.
* * * LOW HITPOINT WARNING * * *
The killer bee stings you.
* * * LOW HITPOINT WARNING * * *
The killer bee stings you.
You die...

#...#.# . ...
##....#
........###......
....#............
.............####
............##
.....Z........
.....yyy#......
.....y@####?...
#......# #..
..###... ##...
##...


You could see 4 killer bees and an adder zombie.

Vanquished Creatures
  An ice beast (D:5)
  4 sky beasts
  A phantom (D:5)
  3 ogres
  2 centaurs
  A big kobold (D:7)
  A bullfrog (D:6)
  A scorpion (D:6)
  A killer bee (D:7)
  5 wights (D:7)
  3 howler monkeys (D:7)
  A bullfrog zombie (D:6)
  A centaur zombie (D:7)
  A quasit (D:6)
  Crazy Yiuf (D:3)
  A gnoll shaman (D:4)
  A hound (D:7)
  3 orc priests
  7 orc wizards
  2 iguanas
  Natasha (twice) (D:3)
  4 worker ants
  A hound zombie (D:6)
  6 gnolls
  10 adders
  A shadow imp (D:5)
  2 ufetubi
  2 oozes
  A dart slug (D:2)
  6 leopard geckos
  21 orcs
  2 bats (D:2)
  A giant cockroach (D:6)
  10 goblins
  7 hobgoblins
  3 jackals (D:2)
  A quokka (D:6)
  2 ball pythons
  5 frilled lizards
  18 kobolds
  2 leopard gecko skeletons (D:5)
  A leopard gecko zombie (D:5)
  A quokka skeleton (D:5)
  8 rats
158 creatures vanquished.

Notes
Turn   | Place    | Note
-------+----------+-------------------------------------------
     0 | D:5      | lunkers the Kobold Delver began the quest for the Orb.
     0 | D:5      | Reached XP level 1. HP: 14/14 MP: 1/1
   107 | D:4      | Reached XP level 2. HP: 19/19 MP: 2/2
   118 | D:4      | Reached skill level 7 in Stealth
   118 | D:4      | Reached XP level 3. HP: 23/23 MP: 3/3
   121 | D:4      | Reached XP level 4. HP: 28/28 MP: 4/4
   393 | D:4      | Noticed an ogre
   408 | D:4      | Found a hide-covered altar of Uskayaw.
   527 | D:3      | Found a bloodstained altar of Trog.
   538 | D:3      | Became a worshipper of Trog the Wrathful
   958 | D:3      | Noticed Natasha
   966 | D:3      | Killed Natasha
   966 | D:3      | Reached skill level 8 in Stealth
   966 | D:3      | Reached XP level 5. HP: 12/32 MP: 5/5
  1366 | D:2      | Reached skill level 5 in Short Blades
  1835 | D:1      | Reached * piety under Trog
  2915 | D:2      | Found an opulent altar of Gozag.
  2968 | D:2      | Found a sparkling altar of Nemelex Xobeh.
  2968 | D:2      | Found an opulent altar of Gozag.
  2983 | D:2      | Reached XP level 6. HP: 34/37 MP: 6/6
  3403 | D:3      | Noticed Natasha
  3416 | D:3      | Killed Natasha
  3564 | D:3      | Found a runed translucent door.
  3567 | D:3      | Noticed Crazy Yiuf
  4094 | D:4      | Reached skill level 9 in Stealth
  4302 | D:3      | Killed Crazy Yiuf
  4375 | D:4      | Noticed an ogre
  4380 | D:4      | Killed an ogre
  4380 | D:4      | Reached XP level 7. HP: 41/41 MP: 7/7
  4452 | D:4      | Reached ** piety under Trog
  4831 | D:5      | Reached skill level 10 in Stealth
  4889 | D:5      | Found Zyifegom's Armour Boutique.
  5220 | D:5      | Got a smoking rapier
  5282 | D:5      | Identified the +5 rapier of Dim Light {pain, *Corrode rPois
                  | rC+ Dex+2} (You found it on level 5 of the Dungeon)
  5568 | D:5      | Reached XP level 8. HP: 48/48 MP: 8/8
  5578 | D:5      | Reached skill level 5 in Fighting
  5975 | D:5      | Found Sior's Weapon Boutique.
  6382 | D:6      | Found a runed translucent gate.
  6382 | D:6      | Found a runed translucent gate.
  6387 | D:6      | Found a runed translucent gate.
  6429 | D:6      | Reached *** piety under Trog
  6503 | D:6      | Reached XP level 9. HP: 44/57 MP: 9/9
  6784 | D:6      | Reached skill level 5 in Dodging
  7045 | D:6      | Found a broken altar of Ashenzari.
  7809 | D:7      | Reached **** piety under Trog
  7888 | D:7      | Found Cioh's Magic Scroll Shop.
  8218 | D:7      | HP: 3/60 [killer bee (6)]
  8218 | D:7      | HP: 1/60 [killer bee (2)]
  8218 | D:7      | Slain by a killer bee

Illustrated notes

Levels and vault maps discovered:
D:1:      doesnt_arrival_eight_statues, layout_loops_ring, minmay_cupped
D:2:      layout_basic, grunt_temple_overflow_opulence, grunt_gozag_breadcrumbs
D:3:      layout_basic, old_standard_altar, uniq_natasha,
          uniq_crazy_yiuf_cottage
D:4:      layout_cave_pools, eat_drink_and_be_merry_uskayaw, serial_glass,
          glass_columns_a, glass_columns_b, nicolae_underground_beach
D:5:      layout_loops_ring, chequers_temple_overflow_statue_of_worship,
          serial_shops, shop, nicolae_shop_window_shopping
D:6:      layout_loops_ring, ashenzari_altar_1, gammafunk_ghost_necromancy
D:7:      layout_layer_cave, minmay_temple_entry_butterflies, serial_shops,
          nicolae_shop_stone

Skill      XL: |  1  2  3  4  5  6  7  8  9 |
---------------+----------------------------+-----
Short Blades   | 3 4 5 6 8 |  8.0
Stealth        | 7 8 9 10 | 10.0
Fighting       | 4 7 9 |  9.2
Dodging        | 4 7 |  7.5

Action                   |  1- 3 |  4- 6 |  7- 9 || total
-------------------------+-------+-------+-------++-------
Melee: Short sword       |     3 |   192 |   357 ||   552
       Dagger            |       |       |    66 ||    66
Throw: Dart              |       |     9 |    20 ||    29
Invok: Trog's Hand       |       |       |     2 ||     2
       Berserk           |       |       |     3 ||     3
  Use: Scroll            |       |       |     7 ||     7
 Stab: Sleeping          |     3 |    33 |    25 ||    61
       Distracted        |       |     1 |     3 ||     4
Armor: Leather armour    |       |    22 |    49 ||    71
Dodge: Dodged            |       |    83 |   210 ||   293

Table legend: (Time is in decaauts)
 A = Elapsed time spent in this place.
 B = Non-inter-level travel time spent in this place.
 C = Inter-level travel time spent in this place.
 D = Time resting spent in this place.
 E = Time spent auto-exploring this place.
 F = Levels seen in this place.
 G = Mean time per level.
                   A        B        C        D        E       F      G
               +--------+--------+--------+--------+--------+-----+--------+
         Total |   8092 |   7901 |    191 |    262 |   6445 |   7 | 1156.0 |
       Dungeon |   8092 |   7901 |    191 |    262 |   6445 |   7 | 1156.0 |
               +--------+--------+--------+--------+--------+-----+--------+

Top non-repeatable levels by time:
     D:3: 1782 daAuts
     D:5: 1374 daAuts
     D:2: 1335 daAuts
     D:6: 1319 daAuts
     D:4: 887 daAuts
     D:7: 715 daAuts
     D:1: 677 daAuts
